AoeStats
← Roidz4

Arabia

505500347Analyzed
2v2 RM · 24d ago on Sep 9, 2026· 13m 11s· 4 players
Game mode
Random Map
Map size
Medium (4 player)
Population
200
Speed
Normal
Resources
Standard
Victory
Conquest
Starting age
Dark Age
Ending age
Imperial Age
RankedLock teamsTeams togetherTeam positionsShared explorationLock speedFull tech treeHidden civsTurbo modeCheats
Victory
Defeat
🇫🇷 Malay · France
1220
+16
🇫🇷 Gurjaras · France
1219
+16
🇨🇱 Franks · Chile
1214
-16
🇿🇦 Portuguese · South Africa
1208
-16
semarch98
7:05 Loom
9:24 Feudal Age
9:54 Double-Bit Axe
Roidz4
7:13 Loom
10:09 Feudal Age
laurent.ginat
6:58 Loom
9:16 Feudal Age
10:24 Double-Bit Axe
13:05 Town Watch
KissMyAxe
7:00 Loom
10:04 Feudal Age
13:22 Wheelbarrow
Connection lost

Rejoining the realm…

Still unreachable

The connection could not be restored.

Session expired

The server has moved on; the page needs a fresh start.